 Dungeon Crawl Stone Soup version 0.22-a0-305-gd21a89c (webtiles) character file.

795 Amnesiac the Conjurer (level 7, -5/46 HPs)
             Began as a Mummy Conjurer on Mar 31, 2018.
             Was a Follower of Sif Muna.
             Killed from afar by Edmund (9 damage)
             ... with a wand of flame (16)
             ... on level 4 of the Dungeon.
             The game lasted 00:15:02 (8440 turns).

Amnesiac the Conjurer (Mummy Conjurer)              Turns: 8440, Time: 00:15:03

Health: -5/46      AC:  6    Str: 12    XL:     7   Next: 58%
Magic:  0/16       EV: 12    Int: 16    God:    Sif Muna [*.....]
Gold:   408        SH:  4    Dex: 12    Spells: 10/18 levels left

rFire    x . .     SeeInvis .   a - +2 spear (flame)
rCold    + + .     Gourm    .   h - +0 buckler
rNeg     + + +     Faith    .   f - +2 robe {rC+}
rPois    ∞         Spirit   .   d - +0 helmet
rElec    .         Reflect  .   (no cloak)
rCorr    +         Harm     .   e - +0 pair of gloves
MR       +....                  (no boots)
Stlth    ++........             (no amulet)
HPRegen  0.15/turn              k - ring of protection from magic
MPRegen  0.15/turn              i - ring of resist corrosion

@: very slightly contaminated, no casting
A: no food or potions, fire vulnerability, cold resistance 1, negative energy
resistance 3, torment resistance, unbreathing
a: Stop Divine Energy, Renounce Religion


You were on level 4 of the Dungeon.
You worshipped Sif Muna.
Sif Muna was aware of your devotion.
You were not hungry.

You visited 2 branches of the dungeon, and saw 7 of its levels.
You also visited: Ossuary.

You collected 408 gold pieces.

Inventory:

Hand Weapons
 a - a +2 spear of flaming (weapon)
 b - a +0 blowgun
Missiles
 q - 10 poisoned needles
Armour
 d - a +0 helmet (worn)
 e - a +0 pair of gloves (worn)
 f - a +2 robe of cold resistance (worn)
 h - a +0 buckler (worn)
Jewellery
 g - an uncursed ring of flight
 i - a ring of resist corrosion (right hand)
 k - a ring of protection from magic (left hand)
Wands
 n - a wand of disintegration (5)
Scrolls
 c - 3 scrolls of remove curse {!r}
 j - 3 scrolls of magic mapping {!r}
 l - 2 scrolls of identify {!r}
 m - a scroll of fog {!r}


   Skills:
 - Level 1.5 Dodging
 - Level 1.5 Stealth
 + Level 2.7 Shields
 + Level 6.1 Spellcasting
 * Level 6.1 Conjurations


You had 10 spell levels left.
You knew the following spells:

 Your Spells              Type           Power        Failure   Level  Hunger
a - Iskenderun's Mystic   Conj           ###.....     12%         4    N/A
c - Passwall              Tmut/Erth      #.........   24%         2    N/A
d - Searing Ray           Conj           ###...       1%          2    N/A

Dungeon Overview and Level Annotations

Branches:
Dungeon (6/15)             Temple (1/1) D:5

Altars:
Ashenzari
Cheibriados
Dithmenos
Fedhas
Gozag
Kikubaaqudgha
Makhleb
Nemelex Xobeh
Okawaru
Qazlal
Sif Muna
Trog
Uskayaw
Vehumet
Wu Jian
Xom
Yredelemnul
Zin
The Shining One

Annotations:
D:4 Edmund


Innate Abilities, Weirdness & Mutations

You do not eat or drink.
Your flesh is vulnerable to fire.
You are immune to poison.
Your flesh is cold resistant. (rC+)
You are immune to negative energy. (rN+++)
You are immune to unholy pain and torment.
You can survive without breathing.


Message History

You are unable to access your magic!
You are unable to access your magic!
Edmund zaps a wand.
The puff of flame misses you.
You are unable to access your magic!
You are unable to access your magic!
You are unable to access your magic!
You regain access to your magic.
Casting: Iskenderun's Mystic Blast (safe; 12% risk of failure)
Confirm with . or Enter, or press ? or * to list all spells.
Aiming: Iskenderun's Mystic Blast (safe; 12% risk of failure)
Press: ? - help, Shift-Dir - straight line, f/p - Edmund
Aim: Edmund, wielding a dire flail of holy wrath, wearing a scale mail and carrying a wand of flame (21) (severely wounded)
The orb of energy hits Edmund.
Edmund is severely wounded.
Sif Muna grants you divine energy.
You briefly lose access to your magic!
Edmund zaps a wand.
The puff of flame hits you! The fire burns you terribly!
You are unable to access your magic!
Edmund zaps a wand.
The puff of flame hits you! The fire burns you terribly!
* * * LOW HITPOINT WARNING * * *
You are unable to access your magic!
You are unable to access your magic!
Edmund zaps a wand.
The puff of flame hits you! The fire burns you terribly!
* * * LOW HITPOINT WARNING * * *
You are unable to access your magic!
You are unable to access your magic!
You regain access to your magic.
Casting: Iskenderun's Mystic Blast (safe; 12% risk of failure)
Confirm with . or Enter, or press ? or * to list all spells.
Aiming: Iskenderun's Mystic Blast (safe; 12% risk of failure)
Press: ? - help, Shift-Dir - straight line, f/p - Edmund
Aim: Edmund, wielding a dire flail of holy wrath, wearing a scale mail and carrying a wand of flame (18) (severely wounded)
You miscast Iskenderun's Mystic Blast.
You are very lightly contaminated with residual magic.
Wisps of smoke drift from your hands. Sif Muna grants you divine energy.
You briefly lose access to your magic!
Unknown command.
Unknown command.
You regain access to your magic.
Edmund zaps a wand.
The puff of flame misses you.
Casting: Iskenderun's Mystic Blast (safe; 12% risk of failure)
Confirm with . or Enter, or press ? or * to list all spells.
Aiming: Iskenderun's Mystic Blast (safe; 12% risk of failure)
Press: ? - help, Shift-Dir - straight line, f/p - Edmund
Aim: Edmund, wielding a dire flail of holy wrath, wearing a scale mail and carrying a wand of flame (17) (severely wounded)
The orb of energy hits Edmund.
Edmund is almost dead.
Sif Muna grants you divine energy.
You briefly lose access to your magic!
Unknown command.
Edmund zaps a wand.
The puff of flame hits you! The fire burns you terribly!
* * * LOW HITPOINT WARNING * * *
You regain access to your magic.
Casting: Iskenderun's Mystic Blast (safe; 12% risk of failure)
Confirm with . or Enter, or press ? or * to list all spells.
Aiming: Iskenderun's Mystic Blast (safe; 12% risk of failure)
Press: ? - help, Shift-Dir - straight line, f/p - Edmund
Aim: Edmund, wielding a dire flail of holy wrath, wearing a scale mail and carrying a wand of flame (16) (almost dead)
You miscast Iskenderun's Mystic Blast.
Strange energies run through your body. Sif Muna grants you divine energy.
You briefly lose access to your magic!
Edmund zaps a wand.
The puff of flame hits you! The fire burns you terribly!
You die...

#...............## #..###
##................# ##.#
..................# #.##
..............#@..# ##.###
#...!...@.....#...####....#
#.............##...##..####
#.............##...#..##
...............#......#
................@..#..##
..............##..###..#
.#............##..# ##.##
.##...........###.# ##.####
.##...........# #.## #....#
.##..........## #..#
##...## .............#
#..###.#### ............##
#.)##.## #....#.......##
#))...#


You could see Edmund.

Vanquished Creatures
  A phantom (D:4)
  A bullfrog (D:6)
  A hound (D:4)
  An orc wizard (D:4)
  2 orc priests (D:4)
  A bullfrog skeleton (D:4)
  Jessica (D:2)
  Ijyb (D:4)
  An iguana (D:4)
  3 worker ants
  8 mummies (Ossuary)
  3 gnolls (D:4)
  4 adders
  4 river rats (D:4)
  An ooze (D:4)
  An adder skeleton (D:2)
  5 worms
  4 dart slugs
  2 leopard geckos
  12 orcs
  A giant cockroach (D:2)
  2 gnoll zombies (Ossuary)
  11 goblins
  10 hobgoblins
  7 jackals
  6 kobolds
  5 quokkas
  A ball python (D:2)
  6 bats
  4 frilled lizards
  A hobgoblin zombie (Ossuary)
  4 kobold zombies (Ossuary)
  An orc zombie (Ossuary)
  25 rats
141 creatures vanquished.

Notes
Turn   | Place    | Note
-------+----------+-------------------------------------------
     0 | D:1      | Amnesiac the Mummy Conjurer began the quest for the Orb.
     0 | D:1      | Reached XP level 1. HP: 13/13 MP: 4/4
   550 | D:1      | Reached XP level 2. HP: 19/19 MP: 3/6
   554 | D:1      | Learned a level 2 spell: Searing Ray
  1649 | D:2      | Reached XP level 3. HP: 5/24 MP: 0/8
  1961 | D:2      | Noticed Jessica
  1969 | D:2      | Killed Jessica
  2101 | D:2      | Reached XP level 4. HP: 30/30 MP: 8/10
  2126 | D:2      | Learned a level 4 spell: Iskenderun's Mystic Blast
  2144 | D:2      | Found a blossoming altar of Fedhas.
  3527 | D:3      | Reached XP level 5. HP: 35/35 MP: 8/11
  3770 | D:4      | Found a glowing silver altar of Zin.
  3770 | D:4      | Found a shattered altar of Ashenzari.
  3989 | D:4      | Reached skill level 1 in Shields
  4046 | D:4      | Noticed Edmund
  4643 | D:4      | Reached skill level 5 in Conjurations
  4643 | D:4      | Reached XP level 6. HP: 41/41 MP: 7/13
  4647 | D:4      | Reached skill level 5 in Spellcasting
  4778 | D:5      | Entered Level 5 of the Dungeon
  4871 | D:5      | Found a staircase to the Ecumenical Temple.
  5011 | Temple   | Entered the Ecumenical Temple
  5088 | Temple   | Became a worshipper of Sif Muna the Loreminder
  5468 | D:5      | Found a sand-covered staircase.
  5476 | Ossuary  | Entered an ossuary
  6073 | D:5      | Found a hide-covered altar of Uskayaw.
  6130 | D:5      | Found a radiant altar of Vehumet.
  6133 | D:5      | Found a snail-covered altar of Cheibriados.
  6494 | D:5      | Learned a level 2 spell: Passwall
  6595 | D:6      | Noticed an ice beast
  6966 | D:4      | Reached XP level 7. HP: 40/46 MP: 1/15
  7711 | D:4      | Noticed Ijyb
  7734 | D:4      | Killed Ijyb
  7946 | D:4      | Reached * piety under Sif Muna
  8440 | D:4      | Killed from afar by Edmund

Vault maps used:
D:1:      evilmike_arrival_fibonacci_small
D:2:      fedhas_altar_3, uniq_jessica
D:4:      kennysheep_the_goblin_king, gammafunk_temple_overflow_elements,
          dk_rats_in_the_wall, uniq_edmund
D:5:      minitemple, minmay_temple_entry_mist, first_ration,
          chequers_ossuary_entry_cave, basic_altar
D:6:      gammafunk_temple_overflow_claw
Temple:   regret_index_temple_waves
Ossuary:  ossuary_tomb_3

Skill      XL: |  1  2  3  4  5  6  7 |
---------------+----------------------+-----
Spellcasting   | 3 4 5 6 |  6.1
Conjurations   | 4 5 6 |  6.1
Shields        | 1 2 |  2.7
Dodging        | |  1.5
Stealth        | |  1.5

Action                   |  1- 3 |  4- 6 |  7- 9 || total
-------------------------+-------+-------+-------++-------
Melee: Unarmed           |     8 |       |       ||     8
       Quarterstaff      |       |    25 |       ||    25
       Spear             |       |    65 |    96 ||   161
 Fire: Blowgun           |       |    12 |       ||    12
 Cast: Magic Dart        |    51 |   165 |       ||   216
       Searing Ray       |     5 |    23 |       ||    28
       Iskenderun's Myst |       |       |    26 ||    26
Invok: Divine Energy     |       |       |     1 ||     1
  Use: Scroll            |     4 |     1 |     5 ||    10
 Stab: Sleeping          |       |     1 |     2 ||     3
Armor: Robe              |     7 |    38 |    21 ||    66
Dodge: Dodged            |    28 |    76 |    40 ||   144
Block: Buckler           |       |    10 |     9 ||    19

Table legend:
 A = Spawn XP
 B = Non-spawn XP
 C = Spawn XP percentage of total XP
 D = Spawn monster count
 E = Non-spawn monster count
 F = Spawn count percentage of total count
 G = Total turns spent on level
                    A         B        C        D         E        F      G
               +---------+---------+-------+---------+---------+-------+---------
         Total |       0 |    1136 |   0.0 |       0 |     141 |   0.0 |  8440
               +---------+---------+-------+---------+---------+-------+---------
           D:1 |       0 |      17 |   0.0 |       0 |       8 |   0.0 |  1358
           D:2 |       0 |     100 |   0.0 |       0 |      25 |   0.0 |  1265
           D:3 |       0 |      94 |   0.0 |       0 |      31 |   0.0 |  1485
           D:4 |       0 |     630 |   0.0 |       0 |      53 |   0.0 |  2280
           D:5 |       0 |      33 |   0.0 |       0 |       1 |   0.0 |  1261
           D:6 |       0 |     105 |   0.0 |       0 |       7 |   0.0 |   102
       Ossuary |       0 |     157 |   0.0 |       0 |      16 |   0.0 |   585
               +---------+---------+-------+---------+---------+-------+---------
